 Dungeon Crawl Stone Soup version 0.31.0-32-g396128a36d (webtiles) character file.

Game seed: 860232180101852740

54 H0rd4k the Charlatan (level 3, -2/23 HPs)
             Began as an Octopode Artificer on Mar 21, 2024.
             Slain by an orc
             ... wielding a +0 hand axe
              (5 damage)
             ... on level 3 of the Dungeon.
             The game lasted 00:01:57 (1184 turns).

H0rd4k the Charlatan (Octopode Artificer)           Turns: 1184, Time: 00:01:58

Health: -2/23      AC:  1    Str: 17    XL:     3   Next: 91%
Magic:  0/3        EV: 13    Int: 21    God:
Gold:   121        SH:  0    Dex: 12    Spells: 2/2 levels left

rFire   . .          .
                       - Unarmed
rCold   . . .        (no shield)
rNeg    . . .        (helmet restricted)
rPois   .            l - amulet of guardian spirit
rElec   .            f - +6 ring of strength
rCorr   .            k - +6 ring of intelligence
SInv    .            (no ring)
Will    .....        (no ring)
Stlth   +++          (no ring)
HPRegen 0.23/turn    (no ring)
MPRegen 0.08/turn    (no ring)
                     (no ring)

%: guardian spirit
@: no status effects
A: almost no armour, amphibious, 8 rings, camouflage 1, gelatinous body 1,
(nimble swimmer 1), tentacles
a: no special abilities


You were on level 3 of the Dungeon.
You visited 1 branch of the dungeon, and saw 3 of its levels.

You collected 121 gold pieces.

Inventory:

Missiles
 g - 8 poisoned darts
Armour
 r - an orb of mayhem
Magical Staves
 p - a staff of conjuration
Jewellery
 f - a +6 ring of strength (left tentacle)
 k - a +6 ring of intelligence (right tentacle)
 l - an amulet of guardian spirit (around mantle)
 o - a ring of flight
Talismans
 a - a flux talisman
Wands
 b - a wand of flame (15) (quivered)
 c - a wand of charming (11)
 d - a wand of iceblast (5)
Scrolls
 e - a scroll of enchant armour {unknown}
 m - a scroll of immolation {unknown}
 q - a scroll of acquirement {unknown}
Potions
 h - a potion of heal wounds {unknown}
 i - a potion of attraction {unknown}
 j - 2 potions of haste {unknown}
 n - a potion of enlightenment {unknown}


   Skills:
 + Level 1.3 Fighting
 - Level 2.3 Dodging
 - Level 1.3 Stealth
 + Level 1.7 Unarmed Combat
 - Level 3.2 Evocations
 * Level 2.2 Shapeshifting


You had 2 spell levels left.
You didn't know any spells.
Your spell library contained the following spells:

 Spells                   Type           Power      Damage    Failure   Level
 Freeze                   Ice            0%         1d3       19%         1
 Frozen Ramparts          Ice            0%         1d1       47%         3
 Hailstorm                Conj/Ice       0%         3d5       47%         3


Dungeon Overview and Level Annotations

Branches:
Dungeon (3/15)

Altars:
Ashenzari
Trog


Innate Abilities, Weirdness & Mutations

You cannot wear most types of armour.
You are amphibious.
You can wear up to eight rings at the same time.
Your skin changes colour to match your surroundings (Stealth+).
Your rubbery body absorbs attacks. (AC +1, EV +1)
((You are camouflaged when in or above water. (Stealth+)))
You have tentacles for arms and can constrict up to eight enemies at once.


Message History

Aiming: Charm
Press: ? - help, Shift-Dir - straight line, f/p - orc wizard
Aim: an orc wizard, wielding a +0 dagger and wearing a +0 robe (chance to affect: 57%)
The orc wizard resists with significant effort.
The orc wizard barely misses you.
Unknown command.
Aiming: Charm
Press: ? - help, Shift-Dir - straight line, f/p - orc wizard
Aim: an orc wizard, wielding a +0 dagger and wearing a +0 robe (chance to affect: 57%)
The orc wizard resists with significant effort.
The orc barely misses you. The orc wizard barely misses you.
Unknown command.
The orc wizard casts a spell at you.
You are confused.
The orc attacks as it pursues you! The orc completely misses you.
The orc attacks as it pursues you! The orc hits you with a +0 falchion!
You are too confused!
Okay, then.
The orc priest looks braver for a moment.
The orc attacks as it pursues you! The orc closely misses you.
You barely miss the orc. The orc hits you with a +0 hand axe.
The adder bites you. The orc closely misses you. The adder bites you.
You closely miss the orc wizard. The orc barely misses you.
The orc hits you with a +0 club. The orc wizard completely misses you.
The adder closely misses you.
You tentacle-slap the orc but do no damage.
You tentacle-slap the orc.
The orc is moderately wounded.
You feel less confused.
The orc barely misses you. x2; The orc wizard barely misses you.
The adder misses you. The orc barely misses you. The orc closely misses you.
The adder completely misses you. The adder bites you.
The orc attacks as it pursues you! The orc hits you with a +0 hand axe!
* * * LOW HITPOINT WARNING * * *
Aiming: Charm
Press: ? - help, Shift-Dir - straight line, f - orc
Aim: an orc, wielding a +0 hand axe and wearing a +0 leather armour (chance to affect: 73%)
The orc struggles to resist.
The orc hits you with a +0 hand axe.
You die...

# #.#.......... #.
#.#....(...### #.#
#.#........... # #.#
#........(.# ##.
#.#####....†.....## #.##
##.....#..oo......#
#..###.#...###o!o.......#
#...#.###.#.#..#####...##
#.##.## #.##.#So@........
#.#### #.##########.####
#.# #.# #.# #.# #.# #.#
.### #.## #.# #######....
.#.## #.# # #..........
###.## #.#######
.##.....#.. # ##.#
#....... >........


You could see an adder and an orc.

Vanquished Creatures
  An adder (D:3)
  4 dart slugs
  An orc (D:3)
  5 ball pythons
  3 endoplasms
  3 giant cockroaches (D:1)
  2 goblins (D:1)
  3 hobgoblins (D:1)
  3 quokkas
  4 bats
  3 frilled lizards
  2 kobolds
  A rat (D:1)
35 creatures vanquished.

Notes
Turn   | Place    | Note
-------+----------+-------------------------------------------
     0 | D:1      | H0rd4k the Octopode Artificer began the quest for the Orb.
     0 | D:1      | Reached XP level 1. HP: 13/13 MP: 1/1
    43 | D:1      | Reached skill level 1 in Shapeshifting
    81 | D:1      | Reached XP level 2. HP: 5/18 MP: 2/2
   662 | D:1      | Reached XP level 3. HP: 18/23 MP: 3/3
   900 | D:2      | Reached skill level 1 in Unarmed Combat
   987 | D:2      | You fall into a shaft and drop 1 floor!
   987 | D:3      | Found a broken altar of Ashenzari.
   996 | D:3      | Found a bloodstained altar of Trog.
  1184 | D:3      | Slain by an orc

Illustrated notes

Levels and vault maps discovered:
D:1:      lightli_arrival_chessboard, layout_loops_cross
D:2:      layout_rooms
D:3:      layout_loops_ring, trog_butcher_becter, mainiacjoe_overflow_alcove_4,
          shapermc_ecumenical_altar_mp_vishouse

Skill      XL: |  1  2  3 |
---------------+----------+-----
Shapeshifting  | 1 2 |  2.2
Unarmed Combat | 1 |  1.7
Fighting       | |  1.3
Dodging        | |  2.3
Stealth        | |  1.3
Evocations     | |  3.2

Action                     || total
---------------------------++-------
  Melee: Unarmed           ||    84
         Tentacles         ||    24
         Constrict         ||    23
         Punch             ||     2
  Evoke: Wand              ||     4
   Stab: Sleeping          ||    14
 Armour: Skin              ||    42
  Dodge: Dodged            ||    55
